AoeStats
← DYN_BenderGC

African Clearing

510324080Analyzed
4v4 RM · 2d ago on Sep 30, 2026· 48m 54s· 8 players
Game mode
Random Map
Map size
Large (8 player)
Population
200
Speed
Normal
Resources
Standard
Victory
Conquest
Starting age
Dark Age
Ending age
Imperial Age
RankedLock teamsTeams togetherTeam positionsShared explorationLock speedFull tech treeHidden civsTurbo modeCheats
Victory
Defeat
🇪🇸 Bohemians · Spain
1670
+17
🇪🇸 Maya · Spain
1657
+18
🇵🇪 Chinese · Peru
1539
+22
🇪🇸 Italians · Spain
1351
+29
🇨🇳 Georgians · China
1753
-24
🇺🇸 Shu · United States
1740
-24
🇹🇼 Vietnamese · Taiwan
1704
-22
🇲🇴 Burmese · Macao SAR China
1551
-16
Heyfai
6:11 Loom
15:15 Feudal Age
16:24 Double-Bit Axe
19:45 Castle Age
21:19 Bow Saw
23:24 Wheelbarrow
25:23 Gold Mining
25:23 Stone Mining
28:35 Hand Cart
29:08 Gold Shaft Mining
29:52 Forging
29:44 Scale Mail Armor
29:52 Fletching
31:50 Chain Mail Armor
35:33 Imperial Age
33:37 Squires
33:23 Arson
35:15 Coiled Serpent Array
36:45 Conscription
36:56 Ballistics
37:17 Plate Mail Armor
38:05 Siege Engineers
42:18 Onager
44:50 Capped Ram
47:21 Pikeman
49:12 Two-Man Saw
47:55 Horse Collar
DDDDD
14:54 Feudal Age
15:59 Loom
18:46 Castle Age
16:32 Double-Bit Axe
16:43 Fishing Lines
17:40 Gold Mining
17:57 Horse Collar
18:56 Fletching
20:12 Bow Saw
26:53 Wheelbarrow
28:23 Heavy Plow
28:50 Bodkin Arrow
31:34 Hand Cart
31:30 Padded Archer Armor
31:52 Ballistics
31:13 Treadmill Crane
31:43 Masonry
37:41 Imperial Age
35:14 Stone Mining
36:16 Stone Shaft Mining
38:30 Bracer
39:32 Chemistry
39:12 Leather Archer Armor
41:51 Crop Rotation
41:53 Ring Archer Armor
42:00 Town Watch
42:56 Paper Money
44:51 Two-Man Saw
43:43 Elite Rattan Archer
43:44 Elite Skirmisher
45:33 Guilds
45:57 Pikeman
46:38 Squires
46:02 Elite Fire Lancer
46:40 Arson
46:55 Squires
46:56 Scale Mail Armor
屁屁人
7:10 Loom
13:13 Feudal Age
16:11 Wheelbarrow
24:33 Castle Age
23:54 Bloodlines
25:03 Light Cavalry
26:18 Forging
26:13 Scale Barding Armor
28:10 Horse Collar
29:35 Stone Mining
34:57 Gold Mining
39:32 Imperial Age
38:36 Chain Barding Armor
38:52 Iron Casting
39:53 Hand Cart
39:24 Town Watch
42:03 Gold Shaft Mining
41:33 Elite Battle Elephant
43:02 Husbandry
43:49 Conscription
44:50 Plate Barding Armor
44:50 Howdah
46:18 Blast Furnace
46:03 Ballistics
45:54 Masonry
46:04 Heavy Plow
46:28 Capped Ram
mongo
4:06 Loom
12:49 Feudal Age
13:36 Double-Bit Axe
15:15 Fletching
16:20 Padded Archer Armor
26:21 Castle Age
DYN_BenderGC
3:38 Loom
12:06 Feudal Age
13:46 Double-Bit Axe
16:30 Fletching
18:02 Padded Archer Armor
26:29 Castle Age
28:46 Bow Saw
28:57 Bodkin Arrow
28:36 Crossbowman
36:00 Gold Mining
35:57 Horse Collar
36:41 Heavy Plow
38:40 Ballistics
42:10 Imperial Age
40:16 Wheelbarrow
40:07 Thumb Ring
40:57 Stone Mining
41:43 Gold Shaft Mining
41:24 Leather Archer Armor
41:58 Hand Cart
41:29 Town Watch
42:43 Stone Shaft Mining
43:09 Scale Barding Armor
43:14 Forging
43:49 Masonry
44:40 Chemistry
44:19 Bloodlines
44:09 Husbandry
43:30 Cavalier
45:23 Chain Barding Armor
45:39 Iron Casting
46:45 Plate Barding Armor
DS_Maulet
10:29 Loom
12:27 Feudal Age
16:30 Castle Age
14:58 Double-Bit Axe
17:24 Bow Saw
22:45 Horse Collar
24:16 Fervor
24:58 Wheelbarrow
26:31 Sanctity
26:48 Hand Cart
27:40 Wagenburg Tactics
28:04 Heavy Plow
33:20 Imperial Age
33:35 Elite Hussite Wagon
35:17 Chemistry
34:46 Conscription
35:15 Siege Engineers
36:03 Fletching
36:42 Bodkin Arrow
37:28 Bracer
37:52 Ballistics
38:40 Houfnice
40:02 Masonry
42:06 Town Watch
46:26 Coinage
47:43 Pikeman
48:24 Scale Mail Armor
48:49 Squires
48:25 Halberdier
49:23 Chain Mail Armor
49:13 Scale Barding Armor
49:19 Forging
pau795
10:11 Loom
12:34 Feudal Age
13:42 Double-Bit Axe
16:07 Castle Age
17:57 Bow Saw
18:04 Fletching
25:45 Wheelbarrow
25:38 Bodkin Arrow
38:17 Horse Collar
44:39 Imperial Age
42:20 Scale Mail Armor
43:42 Gold Mining
43:59 Squires
44:30 Chain Mail Armor
44:44 Eagle Warrior
45:10 Arson
45:56 Plate Mail Armor
45:39 Forging
45:15 Capped Ram
45:56 Elite Eagle Warrior
49:26 Iron Casting
César
5:08 Loom
15:25 Feudal Age
17:56 Horse Collar
18:04 Double-Bit Axe
26:30 Castle Age
24:45 Fletching
25:16 Padded Archer Armor
31:17 Crossbowman
32:58 Bodkin Arrow
47:40 Wheelbarrow
Connection lost

Rejoining the realm…

Still unreachable

The connection could not be restored.

Session expired

The server has moved on; the page needs a fresh start.